 Dungeon Crawl Stone Soup version 0.30-a0-174-gbc10bd73c2 (webtiles) character file.

Game seed: 14418478994763557893

581 qw the Chopper (level 7, -4/44 HPs)
             Began as a Gargoyle Fighter on Oct 1, 2022.
             Killed from afar by an orc wizard (6 damage)
             ... with a magic dart
             ... on level 4 of the Dungeon.
             The game lasted 00:01:22 (3066 turns).

qw the Chopper (Gargoyle Fighter)                   Turns: 3066, Time: 00:01:22

Health: -4/44      AC: 17    Str: 22    XL:     7   Next: 36%
Magic:  7/7        EV:  7    Int:  8    God:
Gold:   78         SH:  4    Dex:  9    Spells: 6/6 levels left

rFire   . . .      SeeInvis +    Y - +0 war axe (chaos)
rCold   . . .      Faith    .    c - +0 buckler
rNeg    + . .      Spirit   .    h - +0 chain mail
rPois   inf        Reflect  .    g - +0 helmet
rElec   +          Harm     .    (no cloak)
rCorr   .          Rampage  .    a - +0 pair of gloves
Will    .....      Clarity  +    e - +0 pair of boots
Stlth   ..........               (no amulet)
HPRegen 0.27/turn                f - ring of see invisible
MPRegen 0.10/turn                (no ring)

@: no status effects
A: sickness immunity, AC +4, negative energy resistance 1, electricity
resistance, torment resistance 1, petrification resistance, clarity
a: no special abilities


You were on level 4 of the Dungeon.
You visited 1 branch of the dungeon, and saw 4 of its levels.

You collected 78 gold pieces.


Innate Abilities, Weirdness & Mutations

You are immune to sickness and miasma.
Your stone body is resilient. (AC +4)
You are immune to poison.
You resist negative energy. (rN+)
You are resistant to electric shocks. (rElec)
You are resistant to unholy torment.
You are immune to petrification.
You possess an exceptional clarity of mind.


   Skills:
 - Level 4.4 Fighting
 + Level 6.2 Axes
 - Level 1.5 Throwing
 - Level 3.2 Armour
 - Level 1.2 Dodging
 - Level 3.2 Shields


You had 6 spell levels left.
You didn't know any spells.
Your spell library was empty.

Inventory:

Hand Weapons
 q - a +0 flail
 Y - a +0 war axe of chaos (weapon)
Missiles
 p - 3 javelins (quivered)
 r - 2 boomerangs
Armour
 a - a +0 pair of gloves (worn)
 c - a +0 buckler (worn)
 e - a +0 pair of boots (worn)
 g - a +0 helmet (worn)
 h - a +0 chain mail (worn)
Jewellery
 f - a ring of see invisible (left hand)
Scrolls
 b - a scroll of identify
Potions
 d - a potion of might
 i - a potion of mutation
 j - a potion of haste
 k - a potion of curing
 l - a potion of cancellation
 m - a potion of flight {unknown}
 n - a potion of magic {unknown}
 o - a potion of resistance {unknown}

Dungeon Overview and Level Annotations

Branches:
Dungeon (4/15)
 Temple: D:4-7

Altars:


Message History

The orc wizard is almost dead.
You closely miss the orc priest. The orc wizard casts a spell at you.
The magic dart hits you but does no damage.
An orc wizard comes into view. It is wielding a +2 dagger of venom.
The orc priest closely misses you. The orc wizard casts a spell at you.
The puff of flame hits you. You block the orc priest's attack.
The orc wizard hits you with a +0 dagger.
The orc wizard shouts!
You barely miss the orc wizard.
The orc wizard is almost dead.
You closely miss the orc priest. You barely miss the orc wizard.
You block the orc wizard's attack.
The orc wizard mumbles some strange words.
The orc wizard flickers and vanishes for a moment.
The orc wizard hits you with a +0 dagger.
You hit the orc wizard.
You kill the orc wizard!
You hit the orc priest but do no damage.
The orc priest easily resists.
You closely miss the orc wizard.
The orc priest mumbles some strange prayers to Beogh against you.
Beogh smites you! You block the orc wizard's attack.
You hit the orc priest. You burn the orc priest.
The orc priest is moderately wounded.
You slash the orc wizard!
The orc wizard seems to grow stronger.
You barely miss the orc wizard.
The orc priest hits you but does no damage.
The orc wizard hits you but does no damage. x2
You barely miss the orc wizard.
The orc wizard is heavily wounded.
You hit the orc priest. You barely miss the orc wizard.
The orc priest mumbles some strange prayers to Beogh against you.
Beogh smites you!
The orc wizard hits you but does no damage.
The orc wizard completely misses you.
The orc wizard hits you with a +2 dagger of venom.
The orc wizard casts a spell at you. The magic dart hits you.
You die...

*,,,,****,**,,****.###..,#....
*,,,,*.#..,,,,...*...#.####...
*,,,,,.....,,,..#,,.....#.....
**,,,,.....,,,..#.###.....:...
**#..........,,.....###........
*,...........##.##...###.......
**,,.(........#..#..............
*,,,,..o......oo..#.........!...
**,,,,#.......)@...##......<#...
*,,,,#...#####o...)......).#...
**,,*#..))#>.....##[.......###.
*,**#..).).###..##............
*** ###.)...##................
#..........#........#..#.#
##..#...........##..#..#..
##.#..##.....#######..##.
######.........####...#.


You could see an orc priest and 2 orc wizards.

Vanquished Creatures
  A black bear (D:4)
  An ogre (D:4)
  A jelly (D:4)
  2 orc priests
  5 orc wizards
  Robin (D:4)
  6 gnolls (D:4)
  An adder (D:3)
  2 worms
  A dart slug (D:1)
  19 orcs
  5 bats
  6 endoplasms
  A giant cockroach (D:1)
  15 goblins
  8 hobgoblins
  4 quokkas
  5 ball pythons
  5 frilled lizards
  8 kobolds
  2 rats
99 creatures vanquished.

Vanquished Creatures (others)
  A fungus (D:2)
  2 plants (D:2)
3 creatures vanquished.

Grand Total: 102 creatures vanquished

Notes
Turn   | Place    | Note
-------+----------+-------------------------------------------
     0 | D:1      | qw the Gargoyle Fighter began the quest for the Orb.
     0 | D:1      | Reached XP level 1. HP: 14/14 MP: 1/1
     0 | D:1      | 0 ||| qw: Version: 0.2-a-13-gfc7b4b4
     0 | D:1      | 0 ||| qw: Game counter: 1832
     0 | D:1      | 0 ||| qw: Always use a shield: true
     0 | D:1      | 0 ||| qw: God list: Okawaru
     0 | D:1      | 0 ||| qw: Allow faded altars: false
     0 | D:1      | 0 ||| qw: Do Orc after D:15 true
     0 | D:1      | 0 ||| qw: Do second Lair branch before Depths: true
     0 | D:1      | 0 ||| qw: Lair rune preference: random
     0 | D:1      | 0 ||| qw: Plans: Normal, Zot:1-4, God:TSO, Crypt, Tomb,
                  | Pan, Slime:5, Hells, Abyss, Orb
     0 | D:1      | 0 ||| PLANNING D:1-11
    80 | D:1      | Reached skill level 2 in Axes
   206 | D:1      | 206 ||| Stepping ~*~*~tactically~*~*~ (stealth).
   208 | D:1      | 208 ||| Stepping ~*~*~tactically~*~*~ (stealth).
   210 | D:1      | 210 ||| Stepping ~*~*~tactically~*~*~ (stealth).
   234 | D:1      | Reached XP level 2. HP: 19/19 MP: 2/2
   290 | D:1      | 290 ||| Stepping ~*~*~tactically~*~*~ (hiding).
   372 | D:1      | 372 ||| Stepping ~*~*~tactically~*~*~ (stealth).
   759 | D:1      | Reached skill level 3 in Axes
   850 | D:1      | Reached XP level 3. HP: 23/23 MP: 3/3
  1099 | D:1      | 1099 ||| UPGRADING to +0 helmet.
  1104 | D:1      | 1104 ||| UPGRADING to +0 chain mail.
  1114 | D:1      | 1114 ||| DROPPING +0 scale mail.
  1115 | D:1      | 1115 ||| UPGRADING to ring of see invisible.
  1116 | D:1      | 1116 ||| READING scroll labelled RIRAD QAOKHLA.
  1117 | D:1      | 1117 ||| READING scroll labelled QOPNIWNIBO.
  1118 | D:1      | 1118 ||| READING scroll labelled KIDWYH CEATZO.
  1119 | D:1      | 1119 ||| READING scroll labelled BUCUWA XOUQEMU.
  1258 | D:2      | 1258 ||| Stepping ~*~*~tactically~*~*~ (stealth).
  1352 | D:2      | You fall into a shaft and drop 2 floors!
  1353 | D:4      | 1353 ||| READING scroll labelled XOOMIT ISOFRY.
  1354 | D:4      | 1354 ||| READING scroll labelled KIN ZOUSMEVIE.
  1355 | D:4      | 1355 ||| READING scroll labelled SOFISCH FIUKHLA.
  1356 | D:4      | 1356 ||| DRINKING 2 fizzy grey potions.
  1357 | D:4      | 1357 ||| DROPPING potion of invisibility.
  1501 | D:2      | Found a faded altar of an unknown god.
  1819 | D:2      | 1819 ||| UPGRADING to +0 pair of gloves.
  1824 | D:2      | 1824 ||| READING scroll labelled RUXOTHRAIRO.
  1829 | D:2      | 1829 ||| DRINKING 2 fuming amethyst potions.
  1829 | D:2      | Gained mutation: You possess an exceptional clarity of
                  | mind. [potion of mutation]
  1962 | D:3      | 1962 ||| Stepping ~*~*~tactically~*~*~ (stealth).
  1981 | D:3      | 1981 ||| Stepping ~*~*~tactically~*~*~ (stealth).
  1995 | D:3      | 1995 ||| DROPPING +0 club.
  2023 | D:3      | Reached XP level 4. HP: 28/28 MP: 4/4
  2229 | D:3      | 2229 ||| Stepping ~*~*~tactically~*~*~ (stealth).
  2465 | D:3      | Reached skill level 1 in Throwing
  2472 | D:3      | Reached skill level 4 in Axes
  2477 | D:3      | Reached XP level 5. HP: 32/32 MP: 5/5
  2484 | D:3      | 2484 ||| DROPPING +0 mace.
  2570 | D:3      | 2570 ||| READING 2 scrolls of identify.
  2570 | D:3      | 2570 ||| IDENTIFYING emerald potion
  2571 | D:3      | 2571 ||| DROPPING potion of berserk rage.
  2648 | D:4      | 2648 ||| Stepping ~*~*~tactically~*~*~ (stealth).
  2654 | D:4      | Noticed a black bear
  2654 | D:4      | Noticed Robin
  2665 | D:4      | Killed a black bear
  2666 | D:4      | Reached skill level 5 in Axes
  2666 | D:4      | Reached XP level 6. HP: 18/37 MP: 6/6
  2668 | D:4      | Killed Robin
  2879 | D:4      | 2879 ||| Stepping ~*~*~tactically~*~*~ (stealth).
  2881 | D:4      | 2881 ||| Stepping ~*~*~tactically~*~*~ (stealth).
  2883 | D:4      | 2883 ||| Stepping ~*~*~tactically~*~*~ (hiding).
  2891 | D:4      | Reached XP level 7. HP: 26/44 MP: 7/7
  2894 | D:4      | 2894 ||| FLEEEEING.
  2895 | D:4      | 2895 ||| FLEEEEING.
  2896 | D:4      | 2896 ||| FLEEEEING.
  2898 | D:4      | 2898 ||| FLEEEEING.
  2899 | D:4      | 2899 ||| FLEEEEING.
  2900 | D:4      | 2900 ||| FLEEEEING.
  2901 | D:4      | 2901 ||| FLEEEEING.
  2902 | D:4      | 2902 ||| FLEEEEING.
  2903 | D:4      | 2903 ||| FLEEEEING.
  2904 | D:4      | 2904 ||| FLEEEEING.
  2905 | D:4      | 2905 ||| FLEEEEING.
  2906 | D:4      | 2906 ||| FLEEEEING.
  2907 | D:4      | 2907 ||| FLEEEEING.
  2908 | D:4      | 2908 ||| STAIRDANCE
  2981 | D:3      | 2981 ||| UPGRADING to +0 pair of boots.
  2986 | D:3      | 2986 ||| DRINKING 2 white potions.
  2987 | D:3      | 2987 ||| READING 3 scrolls of identify.
  2987 | D:3      | 2987 ||| IDENTIFYING red potion
  2988 | D:3      | 2988 ||| READING 2 scrolls of identify.
  2988 | D:3      | 2988 ||| IDENTIFYING pink potion
  3043 | D:4      | Reached skill level 6 in Axes
  3049 | D:4      | Reached skill level 1 in Dodging
  3051 | D:4      | 3051 ||| Stepping ~*~*~tactically~*~*~ (hiding).
  3053 | D:4      | 3053 ||| FLEEEEING.
  3054 | D:4      | 3054 ||| FLEEEEING.
  3056 | D:4      | 3056 ||| FLEEEEING.
  3066 | D:4      | HP: 3/44 [orc priest/divine providence (12)]
  3066 | D:4      | Killed from afar by an orc wizard

Levels and vault maps discovered:
D:1:      spicycebolla_green_bress_n_ham_2, layout_basic,
          chequers_hall_statues_wall_a, chequers_serial_rivers_micro_b,
          nrook_loot_triangle
D:2:      layout_loops_ring, shapermc_ecumenical_altar_acropolis,
          palyth_stone_intersect
D:3:      layout_basic
D:4:      layout_cave_pools, uniq_robin

Skill      XL: |  1  2  3  4  5  6  7 |
---------------+----------------------+-----
Axes           | 2 3 4 5 6 |  6.2
Throwing       | 1 |  1.5
Fighting       | 4 |  4.4
Dodging        | 1 |  1.2
Armour         | |  3.2
Shields        | |  3.2

Action                   |  1- 3 |  4- 6 |  7- 9 || total
-------------------------+-------+-------+-------++-------
Melee: War axe           |   111 |   120 |    34 ||   265
Throw: Javelin           |       |    10 |     1 ||    11
  Use: Scroll            |     8 |     1 |     2 ||    11
       Potion            |     2 |       |     1 ||     3
 Stab: Invisible         |     1 |       |       ||     1
Armor: Scale mail        |    19 |       |       ||    19
       Chain mail        |    36 |   103 |    23 ||   162
Dodge: Dodged            |    38 |    49 |    15 ||   102
Block: Buckler           |    18 |    24 |     9 ||    51

Table legend:
 A = Non-vault XP
 B = Vault XP
 C = Vault XP percentage of total XP
 D = Non-vault monster count
 E = Vault monster count
 F = Vault count percentage of total count
                 A         B        C        D         E       F
            +---------+---------+-------+---------+---------+-------
      Total |     794 |      37 |   4.5 |      87 |      13 |  13.0
            +---------+---------+-------+---------+---------+-------
        D:1 |      35 |       0 |   0.0 |      21 |       0 |   0.0
        D:2 |      20 |       0 |   0.0 |      10 |       0 |   0.0
        D:3 |     131 |       0 |   0.0 |      23 |       0 |   0.0
        D:4 |     608 |      37 |   5.7 |      33 |      13 |  28.3
            +---------+---------+-------+---------+---------+-------
